 Dungeon Crawl Stone Soup version 0.29-a0-1065-g47a6bb87d6 (webtiles) character file.

Game seed: 12887769119214967248

16811 Newt the Basher (level 12, -1/88 HPs)
             Began as a Demonspawn Gladiator on Aug 18, 2022.
             Was the Champion of Okawaru.
             Slain by a skeletal warrior
             ... wielding a +0 scimitar
              (20 damage)
             ... on level 13 of the Dungeon.
             The game lasted 00:26:29 (14362 turns).

Newt the Basher (Demonspawn Gladiator)             Turns: 14362, Time: 00:26:30

Health: -1/88      AC: 15    Str: 23      XL:     12   Next: 13%
Magic:  19/19      EV: 17    Int: 10 (12) God:    Okawaru [******]
Gold:   1005       SH: 13    Dex: 13 (15) Spells: 19/21 levels left

rFire   . . .      SeeInvis +   i - +9 whip "Meochebby" {vamp, Fragile Str+4 SInv Stlth+}
rCold   . . .      Faith    .   z - +0 tower shield
rNeg    . . .      Spirit   .   Z - +0 troll leather armour
rPois   .          Reflect  .   c - +1 helmet
rElec   .          Harm     .   l - +2 cloak {Will+}
rCorr   .          Rampage  .   E - +0 pair of gloves
Will    +....                   (no boots)
Stlth   +++.......              M - amulet of the acrobat
HPRegen 1.04/turn               D - +4 ring of protection
MPRegen 0.16/turn               J - +4 ring of evasion

@: agile
A: foul stench 3, powered by pain 2, big brain 1, demonic touch 2
a: Renounce Religion, Heroism, Finesse, Duel


You were on level 13 of the Dungeon.
You worshipped Okawaru.
Okawaru was exalted by your worship.
You visited 2 branches of the dungeon, and saw 14 of its levels.
You also visited: Sewer.

You collected 1063 gold pieces.
You spent 58 gold pieces at shops.

Inventory:

Hand Weapons
 i - the +9 whip "Meochebby" (weapon) {vamp, Fragile Str+4 SInv Stlth+}
   (You found it on level 2 of the Dungeon)

   It occasionally heals its wielder for a portion of the damage dealt when it
   wounds a living foe.
   Str:       It affects your strength (+4).
   SInv:      It lets you see invisible.
   Fragile:   It will be destroyed if unequipped.
   Stlth:     It makes you more stealthy.
 o - a +1 whip of electrocution
 I - a +2 whip of pain
Missiles
 b - 6 boomerangs
 d - 2 throwing nets
 e - 5 javelins
 h - 106 stones
 k - 57 poisoned darts (quivered)
 q - 3 silver javelins
 w - 7 curare-tipped darts
 Y - 8 atropa-tipped darts
Armour
 c - a +1 helmet (worn)
 l - a +2 cloak of willpower (worn)
 z - a +0 tower shield (worn)
 B - an orb of light
 E - a +0 pair of gloves (worn)
 L - the +0 robe of Biosm {rElec Str+4}
   (You found it on level 7 of the Dungeon)

   Str:       It affects your strength (+4).
   rElec:     It insulates you from electricity.
 W - a +2 plate armour of cold resistance
 Z - a +0 troll leather armour (worn)
Jewellery
 g - a ring of ice
 r - an amulet of guardian spirit
 D - a +4 ring of protection (left hand)
 J - a +4 ring of evasion (right hand)
 K - a ring of see invisible
 M - an amulet of the acrobat (around neck)
 Q - a ring of flight
Wands
 H - a wand of flame (28)
 T - a wand of polymorph (11)
 U - a wand of iceblast (5)
 X - a wand of mindburst (11)
Scrolls
 a - 6 scrolls of identify
 p - a scroll of fog
 u - a scroll of enchant armour
 v - 4 scrolls of magic mapping
 y - 4 scrolls of teleportation
 G - 3 scrolls of poison
 R - 2 scrolls of amnesia
Potions
 f - 2 potions of might
 j - 2 potions of brilliance
 m - a potion of heal wounds
 n - a potion of haste
 s - 6 potions of lignification
 t - a potion of invisibility
 x - 8 potions of curing
 A - 2 potions of mutation
 N - a potion of magic
 S - a potion of flight


   Skills:
 - Level 6.0 Fighting
 - Level 3.5 Short Blades
 - Level 10.0 Maces & Flails
 - Level 5.0 Throwing
 - Level 5.0 Armour
 - Level 2.6 Dodging
 - Level 2.0 Stealth
 - Level 5.0 Shields
 - Level 5.0 Spellcasting
 + Level 8.9 Transmutations
 - Level 5.0 Evocations


You had 19 spell levels left.
You knew the following spells:

 Your Spells              Type           Power      Damage    Failure   Level
a - Wereblood             Tmut           20%        N/A       11%         2

Your spell library contained the following spells:

 Spells                   Type           Power      Damage    Failure   Level
 Beastly Appendage        Tmut           40%        N/A       7%          1
 Spider Form              Tmut/Pois      11%        N/A       80%         3
 Ignite Poison            Fire/Tmut/Pois 8%         N/A       94%         3
 Apportation              Tloc           4%         N/A       95%         1
 Magic Dart               Conj           8%         1d3       95%         1
 Blink                    Tloc           4%         N/A       99%         2
 Ensorcelled Hibernation  Hex/Ice        4%         N/A       99%         2
 Static Discharge         Conj/Air       2%         3-4/arc   99%         2
 Ice Form                 Ice/Tmut       11%        N/A       99%         4
 Dazzling Flash           Conj/Hex       4%         N/A       100%        3
 Gell's Gravitas          Tloc           2%         N/A       100%        3
 Lesser Beckoning         Tloc           2%         N/A       100%        3
 Mephitic Cloud           Conj/Pois/Air  2%         N/A       100%        3
 Ozocubu's Armour         Ice            2%         N/A       100%        3
 Stone Arrow              Conj/Erth      4%         3d7       100%        3
 Teleport Other           Tloc           2%         N/A       100%        3
 Airstrike                Air            1%         2d(1-17)  100%        4
 Anguish                  Hex/Necr       1%         N/A       100%        4
 Corpse Rot               Necr/Pois/Air  2%         N/A       100%        4
 Dispel Undead            Necr           2%         3d7       100%        4
 Sticky Flame             Conj/Fire      2%         2d3       100%        4
 Agony                    Necr           2%         N/A       100%        5
 Alistair's Intoxication  Tmut/Pois      7%         N/A       100%        5
 Freezing Cloud           Conj/Ice/Air   1%         6-21      100%        5
 Lightning Bolt           Conj/Air       1%         1d12      100%        5
 Manifold Assault         Tloc           2%         N/A       100%        5
 Silence                  Hex/Air        1%         N/A       100%        5
 Yara's Violent Unravell  Hex/Tmut       5%         3d4       100%        5
 Dispersal                Tloc           1%         N/A       100%        6
 Ozocubu's Refrigeration  Ice            1%         4d7       100%        7
 Storm Form               Tmut/Air       5%         N/A       100%        7
 Lehudib's Crystal Spear  Conj/Erth      1%         10d2      100%        8
 Maxwell's Capacitive Co  Air            1%         ∞         100%        8
 Call Imp                 Summ           Unusable   N/A       N/A         2
 Animate Armour           Summ/Erth      Unusable   N/A       N/A         4
 Summon Ice Beast         Ice/Summ       Unusable   N/A       N/A         4
 Summon Lightning Spire   Summ/Air       Unusable   N/A       N/A         4
 Summon Forest            Summ/Tloc      Unusable   N/A       N/A         5
 Death Channel            Necr           Unusable   N/A       N/A         6
 Simulacrum               Ice/Necr       Unusable   N/A       N/A         6

Dungeon Overview and Level Annotations

Branches:
Dungeon (13/15)            Temple (1/1) D:4            Lair (0/5) D:10
    Orc (0/2) D:10          Sewer (visited)
 Vaults: D:13-14

Altars:
Ashenzari
Cheibriados
Dithmenos
Fedhas
Gozag
Hepliaklqana
Kikubaaqudgha
Makhleb
Nemelex Xobeh
Okawaru
Qazlal
Ru
Sif Muna
Trog
Uskayaw
Vehumet
Wu Jian
Xom
Yredelemnul
Lugonu

Shops:
D:4 [?[[   D:5 (

Portals:
Abyss: D:4

Annotations:
D:3 1 runed translucent door, siradein's ghost, amateur OpTm
D:9 1 runed translucent door, siradein's ghost, novice DrBe


Innate Abilities, Weirdness & Mutations

You frequently emit foul miasma when damaged in melee.
You sometimes gain power by taking damage.
You have an unusually large brain. (Int +2)
Your touch may inflict irresistible damage on your foes.


Message History

You throw a throwing net.
The throwing net hits the skeletal warrior.
The skeletal warrior is caught in the net!
The skeletal warrior is almost destroyed.
The skeletal warrior struggles against the net.
You hit the skeletal warrior but do no damage.
The skeletal warrior is almost destroyed.
The skeletal warrior struggles against the net.
You hit the skeletal warrior but do no damage.
The skeletal warrior is almost destroyed.
The skeletal warrior struggles against the net.
You catch the helpless skeletal warrior completely off-guard!
You hit the skeletal warrior.
The skeletal warrior is almost destroyed.
The skeletal warrior struggles against the net.
You strike the helpless skeletal warrior from behind!
You hit the skeletal warrior but do no damage.
The skeletal warrior is almost destroyed.
The skeletal warrior struggles against the net.
You catch the helpless skeletal warrior completely off-guard!
You hit the skeletal warrior but do no damage.
The skeletal warrior is almost destroyed.
The skeletal warrior struggles against the net.
The net rips apart, and the skeletal warrior comes free!
You hit the skeletal warrior but do no damage.
The skeletal warrior is almost destroyed.
The skeletal warrior hits you with a +0 scimitar!!
* * * LOW HITPOINT WARNING * * *
That's the wrong kind of item! (Use * to select it.) Fire/throw/use which item? ([*] to toss any item) (? for menu, Esc to quit)
You don't have any such object.
Fire/throw/use which item? ([*] to toss any item) (? for menu, Esc to quit)
Okay, then.
Throw: 3 throwing nets
Press: ? - help, Shift-Dir - straight line, f/p - skeletal warrior
Aim: a skeletal warrior, wielding a +0 scimitar (almost destroyed, 63% to hit)
You throw a throwing net.
The throwing net completely misses the skeletal warrior.
The skeletal warrior hits you with a +0 scimitar!!
You die...

#.# #......# #.. #.#
###......# ### #.#
#(.......##.#
#.###.#.[....##.#
###.##.....###.##.#
#.....#.###.......#
#######.###.#.# #.#####.#
###....##.# .#z###.# #.##
##....#....# #@# ..# #.)#
....P...##.....#.#.#.# #.)#
##)...#######.##.#.#.#####..#
#....# #.##............##
##.####
###....###.........#### ...#
#......# #>##......)).. ####
#.####.###.###....))### # #
##...# #.....## # ##.##
##.###.#


You could see a skeletal warrior.

Vanquished Creatures
  A boulder beetle (D:12)
  2 centaur warriors
  A tengu warrior (D:13)
  A skeletal warrior (D:13)
  Lodul (D:13)
  3 ugly things
  2 cyclopes
  A manticore (D:12)
  A kobold demonologist (D:13)
  A tengu conjurer (D:13)
  7 trolls
  A shadow (D:11)
  2 wraiths (D:13)
  A vampire (D:13)
  14 yaks
  Grum (D:9)
  A steam dragon (D:10)
  6 vampire mosquitoes
  4 orc warriors
  2 ice beasts
  4 black bears
  The ghost of gdog the Covert, an amateur GnDe of Gozag (D:6)
  7 ogres (D:13)
  3 wolves (D:9)
  13 centaurs
  9 kobold brigands
  A gnoll sergeant (D:11)
  3 bullfrogs
  A necrophage (D:5)
  2 scorpions
  6 wights
  6 killer bees
  4 howler monkeys
  A jelly (D:5)
  2 hounds
  7 orc priests
  A gnoll bouda (D:7)
  A boggart zombie (D:13)
  7 orc wizards
  8 adders
  12 gnolls
  2 river rats (Sewer)
  A shadow imp (D:7)
  3 white imps
  2 worms (Sewer)
  A dart slug (D:5)
  29 orcs
  6 bats
  5 endoplasms
  7 giant cockroaches
  3 goblins
  5 hobgoblins
  4 jackals (D:1)
  8 quokkas
  5 ball pythons
  2 frilled lizards (D:2)
  29 kobolds
  9 rats
273 creatures vanquished.

Vanquished Creatures (others)
  A lurking horror (D:4)
  2 withered plants (D:13)
3 creatures vanquished.

Grand Total: 276 creatures vanquished

Notes
Turn   | Place    | Note
-------+----------+-------------------------------------------
     0 | D:1      | Newt the Demonspawn Gladiator began the quest for the Orb.
     0 | D:1      | Reached XP level 1. HP: 16/16 MP: 1/1
    41 | D:1      | Reached skill level 1 in Stealth
   219 | D:1      | Got the Anthology of Snow
   340 | D:1      | Gained mutation: You may rarely emit foul miasma when
                  | damaged in melee. [demonic ancestry]
   340 | D:1      | Reached XP level 2. HP: 22/22 MP: 2/2
   558 | D:1      | Found a faded altar of an unknown god.
  1278 | D:2      | Gained mutation: You sometimes gain a little power by
                  | taking damage. [demonic ancestry]
  1278 | D:2      | Reached XP level 3. HP: 24/27 MP: 3/3
  1894 | D:2      | Identified the +9 whip "Meochebby" {vamp, Fragile Str+4
                  | SInv Stlth+}
  2196 | D:3      | Reached skill level 1 in Maces & Flails
  2196 | D:3      | Reached XP level 4. HP: 29/33 MP: 4/4
  2222 | D:3      | Found a runed translucent door.
  2224 | D:3      | Noticed siradein's ghost (amateur OpTm)
  2237 | D:3      | Reached skill level 2 in Maces & Flails
  2269 | D:3      | Found a glowing drain.
  2290 | Sewer    | Entered a sewer
  2478 | Sewer    | Gained mutation: You sometimes emit foul miasma when
                  | damaged in melee. [demonic ancestry]
  2478 | Sewer    | Reached XP level 5. HP: 38/38 MP: 5/5
  2488 | Sewer    | Reached skill level 3 in Maces & Flails
  2900 | Sewer    | Reached skill level 4 in Maces & Flails
  2978 | Sewer    | Gained mutation: You have an unusually large brain. (Int
                  | +2) [demonic ancestry]
  2978 | Sewer    | Reached XP level 6. HP: 39/47 MP: 4/6
  3839 | D:4      | Found a one-way gate to the infinite horrors of the Abyss.
  3841 | D:4      | Found a corrupted altar of Lugonu.
  4174 | D:4      | Found Gajir's Armour Shop.
  4179 | D:4      | Bought a +0 tower shield for 58 gold pieces
  4221 | D:4      | Found Xufeh's Antique Armour Shoppe.
  4255 | D:4      | Reached skill level 5 in Maces & Flails
  4255 | D:4      | Reached XP level 7. HP: 40/54 MP: 4/7
  4359 | D:4      | Found Suyh Ibbilo's Magic Scroll Boutique.
  4526 | D:4      | Found a staircase to the Ecumenical Temple.
  4535 | Temple   | Entered the Ecumenical Temple
  4711 | Temple   | Became a worshipper of Warmaster Okawaru
  4745 | D:4      | Found Ymu Yre's Antique Armour Emporium.
  5460 | D:5      | Entered Level 5 of the Dungeon
  5497 | D:5      | Reached skill level 6 in Maces & Flails
  5679 | D:5      | Found Lyanyti's Weapon Emporium.
  5948 | D:5      | Reached skill level 7 in Maces & Flails
  5948 | D:5      | Gained mutation: You frequently emit foul miasma when
                  | damaged in melee. [demonic ancestry]
  5948 | D:5      | Reached XP level 8. HP: 34/58 MP: 6/8
  6130 | D:5      | Found a broken altar of Ashenzari.
  6169 | D:5      | Reached * piety under Okawaru
  6515 | D:6      | Found a stormy altar of Qazlal.
  6626 | D:6      | Found a burning altar of Makhleb.
  6867 | D:6      | Found a large runed translucent door.
  6867 | D:6      | Found a large runed translucent door.
  6868 | D:6      | Noticed gdog's ghost (amateur GnDe)
  6905 | D:6      | Found a basalt altar of Yredelemnul.
  7059 | D:6      | Found an ancient bone altar of Kikubaaqudgha.
  7225 | D:6      | Killed gdog's ghost
  7575 | D:7      | Reached skill level 5 in Throwing
  7778 | D:7      | Reached ** piety under Okawaru
  7933 | D:7      | Gained mutation: Your touch may inflict minor irresistible
                  | damage on your foes. [demonic ancestry]
  7933 | D:7      | Reached XP level 9. HP: 63/65 MP: 7/9
  7936 | D:7      | Reached skill level 5 in Evocations
  7971 | D:7      | Reached skill level 1 in Armour
  8147 | D:7      | Identified the +0 robe of Biosm {rElec Str+4}
  8344 | D:8      | Found a shadowy altar of Dithmenos.
  8379 | D:8      | Found a radiant altar of Vehumet.
  8436 | D:8      | Noticed a cyclops
  8445 | D:8      | Killed a cyclops
  8857 | D:8      | Found a sparkling altar of Nemelex Xobeh.
  8971 | D:9      | Reached *** piety under Okawaru
  8972 | D:9      | Reached skill level 5 in Armour
  8973 | D:9      | Found a sacrificial altar of Ru.
  9476 | D:9      | Reached skill level 5 in Shields
  9533 | D:9      | Found the +3 Mad Mage's Maulers {Infuse+∞ RegenMP Int-3}
  9534 | D:9      | Noticed a skeletal warrior
  9534 | D:9      | Noticed a boulder beetle
  9534 | D:9      | Noticed a boulder beetle
  9534 | D:9      | Noticed a manticore
  9551 | D:9      | Noticed an eight-headed hydra
  9555 | D:9      | Noticed Grum
  9570 | D:9      | Killed Grum
  9571 | D:9      | Reached XP level 10. HP: 38/73 MP: 10/10
  9572 | D:9      | Reached **** piety under Okawaru
  9573 | D:9      | Reached skill level 5 in Fighting
  9961 | D:9      | Found a runed translucent door.
  9961 | D:9      | Noticed siradein's ghost (novice DrBe)
 10494 | D:9      | Identified the +1 robe of Context {rC+++ Will- Dex-3
                  | Stlth+}
 10563 | D:10     | Entered Level 10 of the Dungeon
 10685 | D:10     | Got the Directory of Transformation and the Wayfarer
 10740 | D:10     | Found a staircase to the Orcish Mines.
 10763 | D:10     | Reached skill level 8 in Maces & Flails
 10987 | D:10     | Reached ***** piety under Okawaru
 10987 | D:10     | Received a gift from Okawaru
 11006 | D:10     | Reached skill level 9 in Maces & Flails
 11028 | D:10     | Found an opulent altar of Gozag.
 11148 | D:10     | Found a staircase to the Lair.
 11581 | D:11     | Received a gift from Okawaru
 11783 | D:11     | Reached skill level 10 in Maces & Flails
 11783 | D:11     | Reached skill level 1 in Transmutations
 12413 | D:12     | Gained mutation: Your touch may inflict irresistible damage
                  | on your foes. [demonic ancestry]
 12413 | D:12     | Reached XP level 11. HP: 54/81 MP: 11/11
 12426 | D:12     | Received a gift from Okawaru
 12522 | D:12     | Noticed a white ugly thing
 12533 | D:12     | Killed a white ugly thing
 12707 | D:12     | Noticed a centaur warrior
 12722 | D:12     | Killed a centaur warrior
 12723 | D:12     | Reached skill level 5 in Transmutations
 13134 | D:12     | Noticed a boulder beetle
 13155 | D:12     | Killed a boulder beetle
 13524 | D:13     | Noticed a skeletal warrior
 13561 | D:13     | Learned a level 2 spell: Wereblood
 13602 | D:13     | Killed a skeletal warrior
 13748 | D:13     | Noticed a green ugly thing
 13748 | D:13     | Noticed a centaur warrior
 13783 | D:13     | Killed a green ugly thing
 13783 | D:13     | Identified the +9 demon whip of the Doomed Warrior {spect,
                  | Fly rC- rCorr MP+9} (Okawaru gifted it to you on level 13
                  | of the Dungeon)
 13783 | D:13     | Received a gift from Okawaru
 13784 | D:13     | Reached skill level 1 in Spellcasting
 13817 | D:13     | Killed a centaur warrior
 13915 | D:13     | Noticed a green ugly thing
 13938 | D:13     | Killed a green ugly thing
 13938 | D:13     | Reached ****** piety under Okawaru
 13955 | D:13     | Noticed a tengu warrior
 13981 | D:13     | Killed a tengu warrior
 14186 | D:13     | Reached skill level 5 in Spellcasting
 14202 | D:13     | Gained mutation: You sometimes gain power by taking damage.
                  | [demonic ancestry]
 14202 | D:13     | Reached XP level 12. HP: 88/88 MP: 16/19
 14206 | D:13     | Noticed Lodul
 14268 | D:13     | Killed Lodul
 14316 | D:13     | Identified the +3 robe of Beyond {Str+9 Int+6}
 14362 | D:13     | Slain by a skeletal warrior

Illustrated notes

Levels and vault maps discovered:
D:1:      tarquinn_simple_flora_water_e, layout_loops_cross,
          basic_ecumenical_altar
D:2:      minmay_inner_zag, layout_basic
D:3:      layout_basic, gup_sewer_entry_pipe, gammafunk_ghost_grave
D:4:      layout_layer_cave, minmay_temple_entry_poolview, serial_shops,
          nicolae_shop_hallway_stairs, nicolae_shop_statue_plus,
          nicolae_take_the_stairs, shop, amcnicky_altar_lugonu_corruption
D:5:      layout_loops_ring, mainiacjoe_overflow_brackets, marbit_many_paths,
          serial_shops, shop, hangedman_decor_clover_reticule
D:6:      layout_basic, overflow_temple_1_default, mainiacjoe_overflow_paths,
          kiku_gazebo_pond_becter, mainiacjoe_overflow_alcove_2,
          ebering_ghost_disaster_area, nrook_mini_vaults
D:7:      layout_gridville, mainiacjoe_overflow_surrounded_room
D:8:      layout_rooms, mainiacjoe_overflow_small_starburst, kennysheep_mini,
          amcnicky_altar_gilded
D:9:      layout_loops_ring, mainiacjoe_overflow_concentric_impassable,
          hellmonk_ghost_happy_afterlife, minivault_12, uniq_grum
D:10:     layout_irregular_city, mainiacjoe_overflow_six_doors_small,
          lair_entry_dummy, orc_0_dummy, grunt_ministairs_2
D:11:     layout_roguey
D:12:     layout_grid_maze
D:13:     layout_loops_ring, serial_undead, serial_undead_a, serial_undead_c,
          serial_undead_c, serial_undead_a, uniq_lodul
Temple:   chequers_temple_sunken

Skill      XL: |  1  2  3  4  5  6  7  8  9 10 11 |
---------------+----------------------------------+-----
Stealth        | 1 2 |  2.0
Short Blades   | 3 |  3.5
Maces & Flails | 1 2 4 5 7 10 | 10.0
Fighting       | 3 4 6 |  6.0
Throwing       | 2 5 |  5.0
Evocations     | 4 5 |  5.0
Armour         | 5 |  5.0
Shields        | 5 |  5.0
Transmutations | 2 8 |  8.9
Spellcasting   | 5 |  5.0
Dodging        | |  2.6

Action                   |  1- 3 |  4- 6 |  7- 9 | 10-12 || total
-------------------------+-------+-------+-------+-------++-------
Melee: Rapier            |    76 |       |       |       ||    76
       Whip              |    11 |   162 |   306 |   590 ||  1069
 Fire: Sling             |    55 |       |       |       ||    55
Throw: Throwing net      |       |     2 |       |     2 ||     4
       Stone             |       |       |     1 |     2 ||     3
       Dart              |       |       |       |    16 ||    16
       Javelin           |       |       |       |     8 ||     8
 Cast: Wereblood         |       |       |       |     3 ||     3
  Use: Scroll            |     9 |     1 |     7 |     8 ||    25
       Potion            |       |       |     1 |     3 ||     4
 Stab: Sleeping          |     3 |     3 |     6 |     2 ||    14
       Distracted        |       |       |     2 |     1 ||     3
       Held in net/web   |       |       |       |     3 ||     3
Armor: Leather armour    |    31 |    39 |    63 |       ||   133
       Robe              |       |       |    23 |    24 ||    47
       Troll leather arm |       |       |       |   145 ||   145
       Steam dragon scal |       |       |       |     9 ||     9
Dodge: Dodged            |    71 |    94 |    99 |   264 ||   528
Block: Tower shield      |       |     7 |   198 |   464 ||   669

Table legend: (Time is in decaauts)
 A = Elapsed time spent in this place.
 B = Non-inter-level travel time spent in this place.
 C = Inter-level travel time spent in this place.
 D = Time resting spent in this place.
 E = Time spent auto-exploring this place.
 F = Levels seen in this place.
 G = Mean time per level.
                   A        B        C        D        E       F      G
               +--------+--------+--------+--------+--------+-----+--------+
         Total |  14686 |  14326 |    360 |   2148 |   9262 |  15 |  979.1 |
       Dungeon |  13042 |  12699 |    343 |   1688 |   8413 |  13 | 1003.2 |
        Temple |    242 |    226 |     16 |      0 |    218 |   1 |  242.0 |
         Sewer |   1401 |   1401 |      0 |    460 |    629 |   1 | 1401.0 |
               +--------+--------+--------+--------+--------+-----+--------+

Top non-repeatable levels by time:
     D:4: 1468 daAuts
   Sewer: 1401 daAuts
     D:9: 1261 daAuts
     D:2: 1229 daAuts
    D:12: 1128 daAuts
     D:8: 1062 daAuts
     D:6: 1038 daAuts
     D:1: 966 daAuts
    D:10: 939 daAuts
     D:5: 934 daAuts
     D:7: 927 daAuts
    D:13: 849 daAuts
    D:11: 819 daAuts
     D:3: 416 daAuts
  Temple: 242 daAuts
